 Dungeon Sprint DCSS version 0.16-a0-3873-g452e4d5 (webtiles) character file.

224280 BluebellGnoll the Intangible (level 16, -5/102 HPs)
             Began as a Spriggan Enchanter on Feb 1, 2015.
             Was the Champion of Vehumet.
             Slain by Mennas
             ... wielding a +4 eudemon blade of holy wrath
              (7 damage)
             ... in the Dungeon (Sprint IX: "|||||||||||||||||||||||||||||").
             The game lasted 01:41:21 (10067 turns).

BluebellGnoll the Intangible (Spriggan Enchanter)  Turns: 10067, Time: 01:41:21

Health: -5/102     AC: 10    Str: 13    XL:     16   Next: 73%
Magic:  13/50      EV: 51    Int: 32    God:    Vehumet [******]
Gold:   58         SH:  0    Dex: 27    Spells: 12 memorised, 1 level left

rFire  + . .     SeeInvis +     H - +6 quick blade
rCold  + . .     Clarity  .     I - +4 robe of Augmentation {Str+4 Int+4 Dex+4}
rNeg   . . .     SustAb   .     (shield restricted)
rPois  .         Gourm    .     Q - +2 hat
rElec  +         Spirit   .     A - +1 cloak
rCorr  +         Warding  .     (gloves unavailable)
rMut   .         NoTele   +     (boots unavailable)
MR     +++++                    R - amulet "Memesez" {rCorr rElec MR+ MP+9}
Stlth  +++++.....               P - +6 ring of intelligence
                                Z - ring of the Villain {rF+ rC+ MR+++}

@: mighty, agile, glowing, very quick, almost entirely resistant to hostile
enchantments, quite stealthy
A: unfitting armour, see invisible, herbivore 3, speed 3, slow metabolism 2,
spit poison 1
a: Spit Poison, Renounce Religion
}: 5/15 runes: decaying, serpentine, barnacled, silver, gossamer


You were in the Dungeon.
You worshipped Vehumet.
Vehumet was exalted by your worship.
You were very full.

You visited 1 branch You collected 1907 gold pieces.
You spent 1849 gold pieces at shops.

Inventory:

Hand weapons
 G - a +5 rapier of venom
 H - a +6 quick blade (weapon)
 L - a +0 blowgun
Missiles
 M - 9 curare-tipped needles
Armour
 A - a +1 cloak (worn)
 I - the +4 robe of Augmentation (worn) {Str+4 Int+4 Dex+4}
   (You found it in the Dungeon)

   It affects your strength (+4).
   It affects your intelligence (+4).
   It affects your dexterity (+4).
 K - a +2 robe of cold resistance
 Q - a +2 hat (worn)
 U - a +6 fire dragon armour
Magical staves
 m - an uncursed staff of energy
Jewellery
 b - the ring "Rapparad" {rF+ rN++ MR-}
   (You found it in the Dungeon)

   [ring of protection from fire]

   It protects you from fire.
   It greatly protects you from negative energy.
   It affects your resistance to hostile enchantments.
 n - the ring of the Messenger {rPois+ rF- rC+ MR+ Int+4}
   (You found it in the Dungeon)

   [ring of protection from magic]

   It affects your intelligence (+4).
   It makes you vulnerable to fire.
   It protects you from cold.
   It protects you from poison.
   It affects your resistance to hostile enchantments.
 o - an uncursed ring of fire
 p - a +6 ring of strength
 C - the ring of the Fifty Hells {-Tele rC+ MP+9 Str+3 Dex+4 SInv}
   (You found it in the Dungeon)

   [ring of protection from cold]

   It affects your strength (+3).
   It affects your dexterity (+4).
   It protects you from cold.
   It affects your magic capacity (+9).
   It enhances your eyesight.
   It prevents most forms of teleportation.
 F - the amulet "Opusuvei" {rN+ Regen+}
   (You found it in the Dungeon)

   [amulet of regeneration]

   It protects you from negative energy.
   It increases your rate of regeneration.
 N - an uncursed amulet of warding
 P - a +6 ring of intelligence (right hand)
 R - the amulet "Memesez" (around neck) {rCorr rElec MR+ MP+9}
   (You found it in the Dungeon)

   [amulet of resist corrosion]

   It protects you from acid and corrosion.
   It insulates you from electricity.
   It affects your resistance to hostile enchantments.
   It affects your magic capacity (+9).
 W - the ring of Pajilep {+Fly rPois+ Stlth-}
   (You found it in the Dungeon)

   [ring of loudness]

   It protects you from poison.
   It lets you fly.
   It makes you less stealthy.
 Z - the ring of the Villain (left hand) {rF+ rC+ MR+++}
   (You found it in the Dungeon)

   [ring of protection from cold]

   It protects you from fire.
   It protects you from cold.
   It affects your resistance to hostile enchantments.
Magical devices
 l - a wand of cold (4)
 v - a wand of hasting (5)
Scrolls
 a - a scroll of amnesia
 c - 8 scrolls of enchant armour
 i - 16 scrolls of remove curse
 j - 4 scrolls of blinking
 u - 4 scrolls of fear
 w - 4 scrolls of fog
 B - 13 scrolls of identify
 E - 3 scrolls of recharging
Potions
 e - 8 potions of curing
 f - 8 potions of heal wounds
 g - 2 potions of invisibility
 h - 3 potions of magic
 k - a potion of restore abilities
 q - 4 potions of haste
 r - 3 potions of resistance
 s - a potion of brilliance
 t - 3 potions of berserk rage
 S - a potion of agility
 T - 3 potions of might
Books
 V - a book of Unlife

   Spells                             Type                      Level
   a - Recall                         Summoning/Translocation      3
   b - Animate Dead                   Necromancy                   4
   c - Control Undead                 Necromancy                   4
   d - Cigotuvi's Embrace             Necromancy                   5
   e - Death Channel                  Necromancy                   6
   f - Simulacrum                     Ice/Necromancy               6
Miscellaneous
 Y - a phantom mirror
Comestibles
 d - 13 bread rations
 x - 23 fruits


   Skills:
 - Level 19.0 Fighting
 - Level 16.5 Short Blades
 O Level 27 Dodging
 - Level 21.3 Stealth
 - Level 17.5 Spellcasting
 + Level 15.2 Conjurations
 - Level 11.0 Hexes
 - Level 21.7 Fire Magic
 - Level 5.2 Air Magic


You had one spell level left.
You knew the following spells:

 Your Spells              Type           Power        Failure   Level  Hunger
a - Corona                Hex            #######      0%          1    None
b - Ensorcelled Hibernat  Hex/Ice        ######       1%          2    None
c - Confuse               Hex            #######.     1%          3    None
d - Inner Flame           Hex/Fire       #######.     0%          3    None
e - Dazzling Spray        Conj/Hex       #######.     1%          3    None
f - Enslavement           Hex            #######.     1%          4    None
g - Mephitic Cloud        Conj/Pois/Air  ######..     1%          3    None
h - Conjure Flame         Conj/Fire      #######.     0%          3    None
i - Iron Shot             Conj/Erth      ######....   3%          6    None
j - Bolt of Fire          Conj/Fire      #######...   1%          6    None
k - Fire Storm            Conj/Fire      #######...   21%         9    #######
l - Freezing Cloud        Conj/Ice/Air   ######....   4%          6    None


Dungeon Overview and Level Annotations

Branches:
Dungeon (1/1)

Altars:
Cheibriados
Dithmenos
Elyvilon
Fedhas
Gozag
Kikubaaqudgha
Makhleb
Nemelex Xobeh
Okawaru
Qazlal
Ru
Sif Muna
Trog
Vehumet
Xom
Yredelemnul
Zin
The Shining One
Beogh
Jiyva
Lugonu

Shops:
D *=?

Annotations:
D Jory, Mennas


Innate Abilities, Weirdness & Mutations

You are tiny and cannot use many weapons and most armour.
You have supernaturally acute eyesight.
You are a herbivore.
You cover ground extremely quickly.
You need consume almost no food.
You can spit poison.


Message History

Mennas is healed somewhat.
Mennas gestures frantically.
Mennas is healed somewhat.
Drink which item? (? for menu, Esc to quit)
Magic courses through your body.
Mennas shakes his head sadly.
Mennas is engulfed in roaring flames.
Mennas completely misses you.
Mennas hits you with an eudemon blade of holy wrath!
* * * LOW HITPOINT WARNING * * *
Casting: Conjure Flame
Confirm with . or Enter, or press ? or * to list all spells.
Aiming: Iron Shot
Press: ? - help, Shift-Dir - straight line, f - Mennas
Aim: Mennas, wielding an eudemon blade of holy wrath and wearing a large shield (flame, severely wounded, haloed) Mennas blocks the iron shot.
Mennas is engulfed in roaring flames.
Mennas looks to the heavens.
Mennas hits you with an eudemon blade of holy wrath!!
* * * LOW HITPOINT WARNING * * *
Mennas hits you with an eudemon blade of holy wrath!
You die...

,+,+,+,,,,,,,,+,,,,,,,,,,+,,,,,,,
*********************************
,,,,,,,,,,,,,,,,,,,,,,,,,,,,,,,,,
*********************************
+,,,,,,,+,,,,,,,,,,,,+,,,,,,,,,+,
*********************************
,,,,,,,,,,,,,,,,,,,,,,,,,,,,,,,,,
▓▓▓▓▓▓▓▓▓▓▓▓▓▓▓▓▓▓▓▓▓▓▓▓▓▓▓▓▓▓▓▓▓
.[[[[..........A@..."......'.....
▓▓▓▓▓▓▓▓▓▓▓▓▓▓▓▓▓▓▓▓▓▓▓▓▓▓▓▓▓▓▓▓▓
.................................
▓▓▓▓▓▓▓▓▓▓▓▓▓▓▓▓▓▓▓▓▓▓▓▓▓▓▓▓▓▓▓▓▓
.)))..)....)[))).)))))).'........
▓▓▓▓▓▓▓▓▓▓▓▓▓▓▓▓▓▓▓▓▓▓▓▓▓▓▓▓▓▓▓▓▓
.......§.........................
♣♣♣♣♣♣§♣♣♣♣♣♣♣▓▓▓▓▓▓▓▓▓▓▓▓▓▓▓▓▓▓▓
......[....%.+).)...)..[)))'.....


You could see Mennas.

Vanquished Creatures
  Margery (D)
  Norris (D)
  A golden dragon (D)
  2 liches (D)
  A thorn hunter (D)
  A sphinx (D)
  6 shadow dragons (D)
  Ilsuiw (D)
  6 greater nagas (D)
  A frost giant (D)
  A ghost moth (D)
  4 emperor scorpions (D)
  4 vault wardens (D)
  5 ironheart preservers (D)
  2 rakshasas (D)
  3 stone giants (D)
  A vampire knight (D)
  A dire elephant (D)
  A red draconian (D)
  4 ettins (D)
  4 merfolk javelineers (D)
  3 merfolk impalers (D)
  2 minotaurs (D)
  3 fire dragons (D)
  25 vault guards (D)
  A great orb of eyes (D)
  2 yaktaur captains (D)
  3 naga warriors (D)
  2 centaur warriors (D)
  7 hydras (D)
  A merfolk avatar (D)
  An anaconda (D)
  An alligator snapping turtle (D)
  3 merfolk aquamancers (D)
  An alligator (D)
  A vampire mage (D)
  3 deep troll earth magi (D)
  3 ogre magi (D)
  A satyr (D)
  8 orc high priests (D)
  A shock serpent (D)
  2 naga sharpshooters (D)
  A deep elf knight (D)
  A sea snake (D)
  6 hell knights (D)
  7 swamp dragons (D)
  5 ironbrand convokers (D)
  2 deep trolls (D)
  2 orb spiders (D)
  A flayed ghost (D)
  3 wolf spiders (D)
  A cyclops (D)
  2 hill giants (D)
  A griffon (D)
  A necromancer (D)
  A manticore (D)
  12 orc knights (D)
  3 ugly things (D)
  A hornet (D)
  A rust devil (D)
  3 guardian serpents (D)
  A mana viper (D)
  A sixfirhy (D)
  A siren (D)
  An elephant (D)
  3 spiny frogs (D)
  A black mamba (D)
  3 vault sentinels (D)
  A naga mage (D)
  3 komodo dragons (D)
  4 yaktaurs (D)
  2 demonic crawlers (D)
  A kobold demonologist (D)
  2 jumping spiders (D)
  A troll (D)
  A merfolk (D)
  2 giant leeches (D)
  Sonja (D)
  4 boulder beetles (D)
  3 blink frogs (D)
  A raven (D)
  A slime creature (D)
  3 redbacks (D)
  A wraith (D)
  A deep elf mage (D)
  A hungry ghost (D)
  2 nagas (D)
  A wolf (D)
  4 vampire mosquitoes (D)
  3 porcupines (D)
  A water moccasin (D)
  A necrophage (D)
  2 sky beasts (D)
  An ice beast (D)
  6 orc warriors (D)
  2 centaurs (D)
  4 giant frogs (D)
  A killer bee (D)
  A scorpion (D)
  2 orc priests (D)
  A hound (D)
  A worker ant (D)
  5 orc wizards (D)
  3 adders (D)
  A shadow imp (D)
  An adder simulacrum (D)
  A giant gecko (D)
  An ooze (D)
  7 orcs (D)
  2 goblins (D)
  2 kobolds (D)
  3 quokkas (D)
  A ball python (D)
283 creatures vanquished.

Vanquished Creatures (collateral kills)
  An orc knight (D)
  A water nymph (D)
  A merfolk (D)
  2 redbacks (D)
  A spider (D)
6 creatures vanquished.

Vanquished Creatures (others)
  A merfolk javelineer (D)
  A spiny frog (D)
  An orc warrior (D)
  A centaur (D)
  A crimson imp (D)
  An adder (D)
  A giant spore (D)
  2 ballistomycetes (D)
  A plant (D)
10 creatures vanquished.

Grand Total: 299 creatures vanquished

Notes
Turn   | Place    | Note
--------------------------------------------------------------
     0 | D        | BluebellGnoll, the Spriggan Enchanter, began the quest for the Orb.
     0 | D        | Reached XP level 1. HP: 9/9 MP: 4/4
     9 | D        | Reached skill level 5 in Stealth
    18 | D        | Reached skill level 6 in Stealth
    43 | D        | Reached skill level 7 in Stealth
   184 | D        | Noticed a worker ant
   184 | D        | Noticed an ice beast
   186 | D        | Reached XP level 2. HP: 13/13 MP: 7/7
   192 | D        | Learned a level 2 spell: Ensorcelled Hibernation
   197 | D        | Reached skill level 9 in Stealth
   206 | D        | Killed an ice beast
   206 | D        | Reached skill level 14 in Stealth
   206 | D        | Reached XP level 3. HP: 16/16 MP: 9/9
   206 | D        | Reached XP level 4. HP: 21/21 MP: 12/12
   208 | D        | Killed a worker ant
   213 | D        | Found a glowing silver altar of Zin.
   213 | D        | Found a glowing golden altar of the Shining One.
   213 | D        | Found an ancient bone altar of Kikubaaqudgha.
   213 | D        | Found a basalt altar of Yredelemnul.
   213 | D        | Found a shimmering altar of Xom.
   213 | D        | Found a radiant altar of Vehumet.
   213 | D        | Found an iron altar of Okawaru.
   214 | D        | Found a burning altar of Makhleb.
   215 | D        | Found a deep blue altar of Sif Muna.
   216 | D        | Found a bloodstained altar of Trog.
   217 | D        | Found a sparkling altar of Nemelex Xobeh.
   218 | D        | Found a white marble altar of Elyvilon.
   219 | D        | Found a roughly hewn altar of Beogh.
   220 | D        | Found a viscous altar of Jiyva.
   221 | D        | Became a worshipper of Vehumet
   222 | D        | Found a corrupted altar of Lugonu.
   223 | D        | Found a blossoming altar of Fedhas.
   224 | D        | Found a snail-covered altar of Cheibriados.
   225 | D        | Found a shadowy altar of Dithmenos.
   226 | D        | Found a stormy altar of Qazlal.
   227 | D        | Found an opulent altar of Gozag.
   228 | D        | Found a sacrificial altar of Ru.
   294 | D        | Learned a level 3 spell: Confuse
   297 | D        | Learned a level 2 spell: Sure Blade
   297 | D        | Noticed a killer bee
   297 | D        | Noticed a crimson imp
   297 | D        | Noticed a sky beast
   297 | D        | Noticed a hill giant
   299 | D        | Killed a hill giant
   299 | D        | Reached skill level 10 in Spellcasting
   299 | D        | Reached skill level 10 in Hexes
   299 | D        | Reached XP level 5. HP: 24/24 MP: 13/25
   299 | D        | Reached XP level 6. HP: 28/28 MP: 13/26
   299 | D        | Reached XP level 7. HP: 32/32 MP: 14/28
   316 | D        | Killed a crimson imp
   426 | D        | Killed a sky beast
   429 | D        | Killed a killer bee
   429 | D        | Acquired Vehumet's first power
   429 | D        | Offered knowledge of Freeze by Vehumet.
   528 | D        | Learned a level 3 spell: Dazzling Spray
   533 | D        | Learned a level 4 spell: Enslavement
   536 | D        | Noticed a centaur
   536 | D        | Noticed a sky beast
   536 | D        | Noticed a kobold demonologist
   536 | D        | Noticed a giant frog
   536 | D        | Noticed a komodo dragon
   553 | D        | Killed a giant frog
   566 | D        | Killed a kobold demonologist
   566 | D        | Offered knowledge of Throw Flame by Vehumet.
   569 | D        | Killed a komodo dragon
   569 | D        | Reached XP level 8. HP: 36/36 MP: 30/30
   583 | D        | Killed a sky beast
   588 | D        | Killed a centaur
   724 | D        | Noticed a spiny frog
   724 | D        | Noticed a spiny frog
   724 | D        | Noticed a wolf
   727 | D        | Killed a wolf
   727 | D        | Acquired Vehumet's second power
   727 | D        | Reached skill level 15 in Stealth
   733 | D        | Noticed a boulder beetle
   736 | D        | Killed a spiny frog
   736 | D        | Reached skill level 17 in Stealth
   743 | D        | Acquired Vehumet's third power
   761 | D        | Killed a spiny frog
   788 | D        | Noticed a komodo dragon
   793 | D        | Killed a boulder beetle
   793 | D        | Offered knowledge of Conjure Flame by Vehumet.
   793 | D        | Reached skill level 18 in Stealth
   809 | D        | Learned a level 3 spell: Conjure Flame
   821 | D        | Killed a komodo dragon
   821 | D        | Offered knowledge of Static Discharge by Vehumet.
   821 | D        | Reached skill level 19 in Stealth
   821 | D        | Reached XP level 9. HP: 39/39 MP: 18/31
   890 | D        | Noticed an elephant
   890 | D        | Noticed a hound
   890 | D        | Noticed a komodo dragon
   890 | D        | Noticed a spiny frog
   890 | D        | Noticed a porcupine
   890 | D        | Noticed a giant frog
   890 | D        | Noticed a porcupine
   892 | D        | Noticed a porcupine
   893 | D        | Killed a porcupine
   897 | D        | Killed a giant frog
   899 | D        | Killed a porcupine
   899 | D        | Reached skill level 5 in Short Blades
   918 | D        | Killed a komodo dragon
   923 | D        | Killed a hound
   933 | D        | Killed a spiny frog
   939 | D        | Killed an elephant
   942 | D        | Killed a porcupine
   942 | D        | Reached skill level 10 in Short Blades
  1090 | D        | Noticed a blink frog
  1090 | D        | Noticed a giant leech
  1090 | D        | Noticed a giant frog
  1090 | D        | Noticed a vampire mosquito
  1090 | D        | Noticed a giant leech
  1090 | D        | Noticed a blink frog
  1090 | D        | Noticed a vampire mosquito
  1095 | D        | Killed a vampire mosquito
  1095 | D        | Offered knowledge of Mephitic Cloud by Vehumet.
  1095 | D        | Reached skill level 1 in Fighting
  1114 | D        | Learned a level 3 spell: Mephitic Cloud
  1385 | D        | Killed a vampire mosquito
  1385 | D        | Offered knowledge of Bolt of Draining by Vehumet.
  1388 | D        | Killed a giant frog
  1408 | D        | Killed a blink frog
  1433 | D        | Killed a giant leech
  1440 | D        | Killed a giant leech
  1440 | D        | Reached skill level 5 in Fighting
  1440 | D        | Reached XP level 10. HP: 48/51 MP: 32/32
  1452 | D        | Noticed a vampire mosquito
  1455 | D        | Killed a blink frog
  1460 | D        | Killed a vampire mosquito
  1616 | D        | Noticed an orc priest
  1616 | D        | Noticed an orc wizard
  1616 | D        | Noticed an orc wizard
  1616 | D        | Noticed an orc knight
  1617 | D        | Noticed an orc priest
  1619 | D        | Noticed an orc wizard
  1638 | D        | Killed an orc wizard
  1640 | D        | Killed an orc wizard
  1657 | D        | Noticed an orc knight
  1719 | D        | Killed an orc priest
  1757 | D        | Killed an orc knight
  1760 | D        | Killed an orc knight
  1760 | D        | Offered knowledge of Bolt of Fire by Vehumet.
  1827 | D        | Learned a level 6 spell: Bolt of Fire
  1896 | D        | Killed an orc priest
  1906 | D        | Noticed an orc wizard
  1914 | D        | Killed an orc wizard
  1918 | D        | Killed an orc wizard
  1944 | D        | Noticed an orc wizard
  1954 | D        | Killed an orc wizard
  1954 | D        | Reached skill level 1 in Fire Magic
  1981 | D        | Noticed an orc knight
  1981 | D        | Noticed an orc warrior
  1981 | D        | Noticed an orc knight
  1981 | D        | Noticed an orc warrior
  1981 | D        | Noticed an orc warrior
  1981 | D        | Noticed an orc knight
  1981 | D        | Noticed an orc knight
  1988 | D        | Killed an orc knight
  1995 | D        | Killed an orc knight
  2003 | D        | Noticed an orc warrior
  2007 | D        | Noticed an orc warrior
  2007 | D        | Killed an orc knight
  2007 | D        | Reached skill level 15 in Dodging
  2019 | D        | Noticed an orc warrior
  2020 | D        | Killed an orc knight
  2020 | D        | Offered knowledge of Freezing Cloud by Vehumet.
  2043 | D        | Killed an orc warrior
  2044 | D        | Learned a level 6 spell: Freezing Cloud
  2046 | D        | Killed an orc warrior
  2047 | D        | Killed an orc warrior
  2051 | D        | Killed an orc warrior
  2054 | D        | Killed an orc warrior
  2065 | D        | Killed an orc warrior
  2165 | D        | Found Xuwill's Magic Scroll Boutique.
  2165 | D        | Noticed an orc high priest
  2165 | D        | Noticed an orc knight
  2165 | D        | Noticed an orc knight
  2165 | D        | Noticed an orc knight
  2165 | D        | Noticed an orc knight
  2165 | D        | Noticed an orc high priest
  2166 | D        | Found Jyra's Magic Scroll Shop.
  2169 | D        | Noticed a rust devil
  2172 | D        | Killed an orc high priest
  2205 | D        | Killed an orc knight
  2205 | D        | Reached XP level 11. HP: 45/60 MP: 33/35
  2220 | D        | Killed an orc knight
  2220 | D        | Offered knowledge of Irradiate by Vehumet.
  2233 | D        | Killed an orc knight
  2289 | D        | Killed an orc high priest
  2295 | D        | Killed an orc knight
  2295 | D        | Reached skill level 15 in Spellcasting
  2316 | D        | Noticed an orc high priest
  2337 | D        | Killed an orc high priest
  2522 | D        | Found Atuvvulo's Jewellery Boutique.
  2524 | D        | Noticed an orc high priest
  2525 | D        | Found Kloin's Assorted Antiques.
  2526 | D        | Noticed an orc high priest
  2527 | D        | Noticed an orc knight
  2531 | D        | Noticed an orc high priest
  2532 | D        | Noticed a sun demon
  2534 | D        | Killed an orc high priest
  2536 | D        | Noticed an orc high priest
  2539 | D        | Noticed an orc high priest
  2539 | D        | Killed an orc high priest
  2614 | D        | Killed an orc knight
  2614 | D        | Offered knowledge of Iron Shot by Vehumet.
  2623 | D        | Learned a level 6 spell: Iron Shot
  2629 | D        | Killed an orc high priest
  2656 | D        | Killed an orc high priest
  2680 | D        | Killed an orc high priest
  2701 | D        | Bought a runed cloak for 121 gold pieces
  2701 | D        | Bought a scroll labeled CUSEUM SUHE for 27 gold pieces
  2701 | D        | Bought a glowing robe for 18 gold pieces
  2701 | D        | Bought a scroll labeled CUSEUM SUHE for 27 gold pieces
  2701 | D        | Bought a scroll labeled TRE NOFYCSO for 27 gold pieces
  2701 | D        | Bought a scroll labeled SAOMAY CUACW for 27 gold pieces
  2701 | D        | Bought a dented brass amulet for 135 gold pieces
  2705 | D        | Bought a scroll of enchant weapon for 75 gold pieces
  2705 | D        | Bought 2 scrolls of identify for 40 gold pieces
  2705 | D        | Bought a scroll of identify for 20 gold pieces
  2705 | D        | Bought a scroll of identify for 20 gold pieces
  2705 | D        | Bought a scroll of magic mapping for 35 gold pieces
  2705 | D        | Bought a scroll of fog for 20 gold pieces
  2705 | D        | Bought a scroll of remove curse for 30 gold pieces
  2705 | D        | Bought a scroll of enchant weapon for 75 gold pieces
  2705 | D        | Bought a scroll of remove curse for 30 gold pieces
  2705 | D        | Bought a scroll of remove curse for 30 gold pieces
  2705 | D        | Bought a scroll of remove curse for 30 gold pieces
  2707 | D        | Bought a scroll of recharging for 95 gold pieces
  2707 | D        | Bought a scroll of random uselessness for 10 gold pieces
  2707 | D        | Bought a scroll of identify for 20 gold pieces
  2707 | D        | Bought a scroll of identify for 20 gold pieces
  2707 | D        | Bought a scroll of enchant weapon for 75 gold pieces
  2707 | D        | Bought a scroll of fear for 35 gold pieces
  2707 | D        | Bought 3 scrolls of identify for 60 gold pieces
  2707 | D        | Bought a scroll of fog for 20 gold pieces
  2707 | D        | Bought a scroll of identify for 20 gold pieces
  2707 | D        | Bought a scroll of remove curse for 30 gold pieces
  2707 | D        | Bought a scroll of remove curse for 30 gold pieces
  2707 | D        | Bought a scroll of blinking for 75 gold pieces
  2790 | D        | Bought an uncursed ring of protection from fire for 275 gold pieces
  2790 | D        | Bought a +4 ring of intelligence for 297 gold pieces
  2952 | D        | Noticed a deep elf mage
  2952 | D        | Noticed a slime creature
  2952 | D        | Noticed a centaur
  2952 | D        | Noticed a centaur warrior
  2952 | D        | Noticed an orc warrior
  2952 | D        | Noticed a troll
  2953 | D        | Noticed a centaur
  2957 | D        | Killed a troll
  2959 | D        | Killed an orc warrior
  2965 | D        | Noticed a hill giant
  2972 | D        | Killed a centaur warrior
  2977 | D        | Noticed a fire dragon
  2977 | D        | Killed a centaur
  2980 | D        | Noticed a fire dragon
  2981 | D        | Killed a slime creature
  2981 | D        | Offered knowledge of Poisonous Cloud by Vehumet.
  2983 | D        | Killed a deep elf mage
  2983 | D        | Reached skill level 10 in Fighting
  2987 | D        | Killed a centaur
  3039 | D        | Killed a fire dragon
  3102 | D        | Killed a fire dragon
  3108 | D        | Killed a hill giant
  3129 | D        | Noticed a minotaur
  3130 | D        | Noticed a rakshasa
  3131 | D        | Noticed an ettin
  3132 | D        | Noticed a yaktaur
  3137 | D        | Killed a minotaur
  3137 | D        | Reached XP level 12. HP: 69/71 MP: 38/38
  3151 | D        | Killed a yaktaur
  3155 | D        | Killed a rakshasa
  3157 | D        | Killed a rakshasa
  3167 | D        | Killed an ettin
  3370 | D        | Noticed a water moccasin
  3370 | D        | Noticed a naga sharpshooter
  3370 | D        | Noticed a naga warrior
  3370 | D        | Noticed a naga mage
  3370 | D        | Noticed a mana viper
  3370 | D        | Noticed a black mamba
  3370 | D        | Noticed an anaconda
  3403 | D        | Killed a mana viper
  3403 | D        | Offered knowledge of Delayed Fireball by Vehumet.
  3403 | D        | Reached skill level 1 in Conjurations
  3408 | D        | Killed a black mamba
  3460 | D        | Killed an anaconda
  3491 | D        | Killed a naga warrior
  3491 | D        | Reached skill level 5 in Conjurations
  3493 | D        | Killed a naga mage
  3510 | D        | Killed a naga sharpshooter
  3513 | D        | Noticed a naga sharpshooter
  3574 | D        | Killed a water moccasin
  3625 | D        | Killed a naga sharpshooter
  3642 | D        | Noticed a shock serpent
  3652 | D        | Killed a shock serpent
  3778 | D        | Noticed an orb spider
  3778 | D        | Noticed a wolf spider
  3778 | D        | Noticed a demonic crawler
  3778 | D        | Noticed an orb spider
  3778 | D        | Noticed a spider
  3778 | D        | Noticed a redback
  3778 | D        | Noticed a scorpion
  3779 | D        | Noticed a boulder beetle
  3814 | D        | Killed a redback
  3834 | D        | Killed a spider
  3834 | D        | Offered knowledge of Lehudib's Crystal Spear by Vehumet.
  3834 | D        | Offered knowledge of Fire Storm by Vehumet.
  3834 | D        | Offered knowledge of Shatter by Vehumet.
  3836 | D        | Killed a scorpion
  3837 | D        | Killed an orb spider
  3838 | D        | Killed a wolf spider
  3842 | D        | Killed a demonic crawler
  3845 | D        | Killed an orb spider
  3845 | D        | Reached skill level 5 in Fire Magic
  3858 | D        | Noticed a jumping spider
  3866 | D        | Killed a boulder beetle
  3874 | D        | Killed a jumping spider
  3974 | D        | Noticed a raven
  3974 | D        | Noticed a blink frog
  3974 | D        | Noticed a giant frog
  3974 | D        | Noticed a seven-headed hydra
  3974 | D        | Noticed an alligator
  3974 | D        | Noticed a thorn hunter
  3975 | D        | Noticed an eight-headed hydra
  3976 | D        | Killed a thorn hunter
  3978 | D        | Killed an alligator
  3986 | D        | Killed a giant frog
  3987 | D        | Killed a blink frog
  3989 | D        | Killed a seven-headed hydra
  3989 | D        | Reached skill level 10 in Conjurations
  4092 | D        | Noticed a vampire mosquito
  4095 | D        | Killed a raven
  4097 | D        | Killed a vampire mosquito
  4116 | D        | Killed an eight-headed hydra
  4116 | D        | Reached XP level 13. HP: 61/76 MP: 39/39
  4188 | D        | Noticed a manticore
  4188 | D        | Noticed a griffon
  4188 | D        | Noticed a merfolk
  4188 | D        | Noticed a merfolk avatar
  4188 | D        | Noticed a water nymph
  4188 | D        | Noticed an alligator snapping turtle
  4188 | D        | Noticed a sea snake
  4189 | D        | Noticed a satyr
  4210 | D        | Killed an alligator snapping turtle
  4210 | D        | Reached skill level 1 in Air Magic
  4215 | D        | Killed a water nymph
  4228 | D        | Killed a merfolk avatar
  4229 | D        | Killed a merfolk
  4230 | D        | Noticed a siren
  4236 | D        | Killed a sea snake
  4241 | D        | Killed a manticore
  4242 | D        | Killed a griffon
  4242 | D        | Killed a satyr
  4244 | D        | Killed a siren
  4244 | D        | Reached skill level 5 in Air Magic
  4314 | D        | Noticed Sonja
  4325 | D        | Killed Sonja
  4466 | D        | Noticed a deep troll earth mage
  4466 | D        | Noticed a lich
  4466 | D        | Noticed a deep elf knight
  4466 | D        | Noticed an ettin
  4466 | D        | Noticed a stone giant
  4466 | D        | Noticed a yaktaur
  4466 | D        | Noticed a dire elephant
  4467 | D        | Noticed a flayed ghost
  4497 | D        | Killed a dire elephant
  4497 | D        | Reached skill level 20 in Dodging
  4539 | D        | Killed a stone giant
  4675 | D        | Killed an ettin
  4704 | D        | Killed a yaktaur
  4705 | D        | Killed a deep elf knight
  4706 | D        | Killed a lich
  4706 | D        | Reached skill level 21 in Dodging
  4708 | D        | Killed a deep troll earth mage
  4728 | D        | Noticed a deep troll earth mage
  4734 | D        | Noticed a great orb of eyes
  4736 | D        | Killed a flayed ghost
  4741 | D        | Killed a deep troll earth mage
  4752 | D        | Killed a great orb of eyes
  4756 | D        | Noticed a minotaur
  4757 | D        | Noticed a yaktaur captain
  4758 | D        | Noticed a deep troll earth mage
  4759 | D        | Noticed an ettin
  4760 | D        | Noticed a frost giant
  4761 | D        | Noticed a cyan ugly thing
  4762 | D        | Noticed a vampire mage
  4763 | D        | Noticed a fire dragon
  4771 | D        | Killed a yaktaur captain
  4898 | D        | Killed a deep troll earth mage
  4942 | D        | Killed an ettin
  5209 | D        | Killed a minotaur
  5294 | D        | Killed a frost giant
  5370 | D        | Killed a cyan ugly thing
  5372 | D        | Killed a vampire mage
  5393 | D        | Killed a fire dragon
  5468 | D        | Noticed an ironbrand convoker
  5468 | D        | Noticed a yaktaur
  5468 | D        | Noticed a white ugly thing
  5468 | D        | Noticed a boulder beetle
  5468 | D        | Noticed an ironheart preserver
  5468 | D        | Noticed a green ugly thing
  5468 | D        | Noticed a vault sentinel
  5471 | D        | Noticed a vault warden
  5472 | D        | Killed a yaktaur
  5472 | D        | Killed a green ugly thing
  5476 | D        | Killed an ironheart preserver
  5529 | D        | Noticed a cyclops
  5529 | D        | Noticed a vault sentinel
  5532 | D        | Killed a vault sentinel
  5532 | D        | Killed an ironbrand convoker
  5535 | D        | Killed a cyclops
  5537 | D        | Killed a vault warden
  5537 | D        | Reached XP level 14. HP: 81/81 MP: 39/39
  5545 | D        | Noticed a hornet
  5545 | D        | Killed a vault sentinel
  5545 | D        | Killed a boulder beetle
  5546 | D        | Killed a white ugly thing
  5547 | D        | Noticed an ironheart preserver
  5571 | D        | Noticed an ironbrand convoker
  5571 | D        | Noticed a stone giant
  5581 | D        | Killed an ironheart preserver
  5581 | D        | Reached skill level 10 in Fire Magic
  5583 | D        | Noticed a hell knight
  5583 | D        | Noticed Ilsuiw
  5585 | D        | Killed an ironbrand convoker
  5592 | D        | Noticed a red draconian
  5592 | D        | Killed a hell knight
  5594 | D        | Killed a hornet
  5595 | D        | Killed a stone giant
  5597 | D        | Killed a red draconian
  5598 | D        | Noticed a vampire knight
  5606 | D        | Killed Ilsuiw
  6067 | D        | Noticed a greater naga
  6086 | D        | Killed a greater naga
  6087 | D        | Noticed a centaur warrior
  6101 | D        | Noticed a yaktaur
  6101 | D        | Noticed an ogre mage
  6102 | D        | Killed a centaur warrior
  6102 | D        | Killed an ogre mage
  6102 | D        | Killed a yaktaur
  6103 | D        | Noticed a necromancer
  6137 | D        | Killed a necromancer
  6218 | D        | Killed a vampire knight
  6296 | D        | Noticed a boulder beetle
  6300 | D        | Noticed an ironbrand convoker
  6308 | D        | Killed a boulder beetle
  6308 | D        | Killed an ironbrand convoker
  6501 | D        | Noticed an ironheart preserver
  6512 | D        | Killed an ironheart preserver
  6775 | D        | Noticed a merfolk impaler
  6775 | D        | Noticed a merfolk
  6775 | D        | Noticed a merfolk javelineer
  6775 | D        | Noticed a merfolk javelineer
  6775 | D        | Noticed a merfolk aquamancer
  6775 | D        | Noticed a merfolk javelineer
  6777 | D        | Noticed a merfolk aquamancer
  6778 | D        | Killed a merfolk aquamancer
  6779 | D        | Killed a merfolk javelineer
  6780 | D        | Noticed a merfolk aquamancer
  6781 | D        | Killed a merfolk javelineer
  6782 | D        | Killed a merfolk aquamancer
  6782 | D        | Killed a merfolk javelineer
  6783 | D        | Killed a merfolk
  6785 | D        | Killed a merfolk aquamancer
  6793 | D        | Noticed a merfolk javelineer
  6802 | D        | Killed a merfolk impaler
  6804 | D        | Noticed a merfolk impaler
  6804 | D        | Killed a merfolk javelineer
  6810 | D        | Killed a merfolk impaler
  6810 | D        | Reached skill level 15 in Fighting
  6816 | D        | Noticed a merfolk impaler
  6822 | D        | Noticed a merfolk javelineer
  6829 | D        | Killed a merfolk impaler
  6835 | D        | Killed a merfolk javelineer
  6839 | D        | Got a barnacled rune of Zot
  6970 | D        | Noticed a seven-headed hydra
  6972 | D        | Noticed a five-headed hydra
  6974 | D        | Killed a seven-headed hydra
  6975 | D        | Noticed a swamp dragon
  6976 | D        | Killed a five-headed hydra
  6977 | D        | Killed a swamp dragon
  7012 | D        | Noticed a swamp dragon
  7012 | D        | Noticed a swamp dragon
  7021 | D        | Killed a swamp dragon
  7030 | D        | Noticed a four-headed hydra
  7031 | D        | Noticed a spiny frog
  7032 | D        | Noticed a swamp dragon
  7032 | D        | Noticed a swamp dragon
  7033 | D        | Killed a swamp dragon
  7036 | D        | Noticed a swamp dragon
  7036 | D        | Noticed a five-headed hydra
  7036 | D        | Noticed a five-headed hydra
  7037 | D        | Noticed a swamp dragon
  7045 | D        | Killed a spiny frog
  7047 | D        | Killed a five-headed hydra
  7048 | D        | Killed a five-headed hydra
  7049 | D        | Killed a four-headed hydra
  7052 | D        | Killed a swamp dragon
  7053 | D        | Killed a swamp dragon
  7053 | D        | Killed a swamp dragon
  7057 | D        | Killed a swamp dragon
  7057 | D        | Reached XP level 15. HP: 40/93 MP: 31/40
  7094 | D        | Got a decaying rune of Zot
  7141 | D        | Noticed a ghost moth
  7141 | D        | Noticed an emperor scorpion
  7141 | D        | Noticed a redback
  7141 | D        | Noticed a wolf spider
  7141 | D        | Noticed an emperor scorpion
  7141 | D        | Noticed a wolf spider
  7141 | D        | Noticed a demonic crawler
  7142 | D        | Noticed an emperor scorpion
  7143 | D        | Killed a demonic crawler
  7144 | D        | Noticed a redback
  7145 | D        | Killed a wolf spider
  7147 | D        | Killed a redback
  7147 | D        | Killed a wolf spider
  7150 | D        | Killed an emperor scorpion
  7150 | D        | Killed a ghost moth
  7193 | D        | Killed an emperor scorpion
  7200 | D        | Killed a redback
  7202 | D        | Killed an emperor scorpion
  7208 | D        | Noticed a redback
  7209 | D        | Noticed an emperor scorpion
  7210 | D        | Noticed a jumping spider
  7211 | D        | Noticed a redback
  7215 | D        | Killed a redback
  7217 | D        | Killed a jumping spider
  7217 | D        | Killed a redback
  7228 | D        | Killed an emperor scorpion
  7230 | D        | Got a gossamer rune of Zot
  7319 | D        | Noticed a greater naga
  7319 | D        | Noticed a naga warrior
  7319 | D        | Noticed a guardian serpent
  7319 | D        | Noticed a naga
  7319 | D        | Noticed a greater naga
  7319 | D        | Noticed a naga
  7320 | D        | Noticed a guardian serpent
  7322 | D        | Noticed a naga warrior
  7323 | D        | Noticed a guardian serpent
  7324 | D        | Killed a naga
  7324 | D        | Killed a guardian serpent
  7325 | D        | Killed a guardian serpent
  7325 | D        | Killed a naga
  7326 | D        | Killed a guardian serpent
  7329 | D        | Killed a greater naga
  7329 | D        | Reached skill level 22 in Dodging
  7330 | D        | Killed a greater naga
  7336 | D        | Noticed a greater naga
  7339 | D        | Killed a naga warrior
  7339 | D        | Killed a naga warrior
  7351 | D        | Killed a greater naga
  7351 | D        | Reached skill level 23 in Dodging
  7500 | D        | Noticed a greater naga
  7505 | D        | Noticed a greater naga
  7506 | D        | Killed a greater naga
  7512 | D        | Killed a greater naga
  7512 | D        | Reached skill level 24 in Dodging
  7546 | D        | Got a serpentine rune of Zot
  7731 | D        | Noticed a vault guard
  7731 | D        | Noticed a vault guard
  7731 | D        | Noticed a vault guard
  7731 | D        | Noticed a vault guard
  7731 | D        | Noticed a vault guard
  7731 | D        | Noticed a vault guard
  7731 | D        | Noticed a vault guard
  7732 | D        | Noticed a vault guard
  7741 | D        | Killed a vault guard
  7741 | D        | Killed a vault guard
  7742 | D        | Killed a vault guard
  7743 | D        | Killed a vault guard
  7743 | D        | Killed a vault guard
  7744 | D        | Killed a vault guard
  7744 | D        | Reached skill level 25 in Dodging
  7750 | D        | Killed a vault guard
  7752 | D        | Killed a vault guard
  7788 | D        | Noticed a vault guard
  7789 | D        | Noticed a vault guard
  7794 | D        | Noticed a vault guard
  7799 | D        | Killed a vault guard
  7800 | D        | Killed a vault guard
  7801 | D        | Noticed a vault guard
  7811 | D        | Killed a vault guard
  7814 | D        | Killed a vault guard
  7850 | D        | Killed a vault guard
  7850 | D        | Reached skill level 26 in Dodging
  7858 | D        | Noticed a vault guard
  7860 | D        | Noticed a vault guard
  7863 | D        | Noticed a vault guard
  7866 | D        | Noticed a vault guard
  7866 | D        | Noticed a vault guard
  7868 | D        | Noticed a vault guard
  7874 | D        | Killed a vault guard
  7876 | D        | Noticed a vault guard
  7877 | D        | Killed a vault guard
  7877 | D        | Killed a vault guard
  7885 | D        | Killed a vault guard
  7888 | D        | Killed a vault guard
  7890 | D        | Killed a vault guard
  7890 | D        | Killed a vault guard
  7890 | D        | Reached skill level 27 in Dodging
  8109 | D        | Noticed a vault guard
  8110 | D        | Noticed a vault guard
  8111 | D        | Noticed a vault guard
  8112 | D        | Noticed a vault guard
  8113 | D        | Noticed a vault guard
  8117 | D        | Killed a vault guard
  8117 | D        | Reached skill level 15 in Short Blades
  8119 | D        | Killed a vault guard
  8129 | D        | Killed a vault guard
  8131 | D        | Killed a vault guard
  8142 | D        | Killed a vault guard
  8208 | D        | Noticed an orc knight
  8208 | D        | Noticed a golden dragon
  8208 | D        | Noticed a stone giant
  8208 | D        | Noticed a vault warden
  8208 | D        | Noticed an ironheart preserver
  8208 | D        | Noticed a vault warden
  8208 | D        | Noticed a yaktaur captain
  8209 | D        | Noticed an orc knight
  8216 | D        | Killed a vault warden
  8216 | D        | Reached skill level 15 in Fire Magic
  8239 | D        | Killed an ironheart preserver
  8244 | D        | Killed a vault warden
  8244 | D        | Reached XP level 16. HP: 102/102 MP: 41/41
  8253 | D        | Killed a stone giant
  8279 | D        | Killed a golden dragon
  8287 | D        | Killed an orc knight
  8306 | D        | Noticed an ironheart preserver
  8307 | D        | Killed a yaktaur captain
  8308 | D        | Noticed an ogre mage
  8308 | D        | Killed an ironheart preserver
  8309 | D        | Killed an orc knight
  8311 | D        | Killed an ogre mage
  8334 | D        | Noticed an ironbrand convoker
  8344 | D        | Noticed a shadow dragon
  8346 | D        | Killed an ironbrand convoker
  8347 | D        | Noticed an ogre mage
  8379 | D        | Killed a shadow dragon
  8455 | D        | Killed an ogre mage
  8458 | D        | Noticed a shadow dragon
  8628 | D        | Killed a shadow dragon
  8647 | D        | Noticed an ironbrand convoker
  8658 | D        | Killed an ironbrand convoker
  8671 | D        | Noticed a vault warden
  8683 | D        | Killed a vault warden
  8756 | D        | Noticed a deep troll
  8776 | D        | Killed a deep troll
  8814 | D        | Gained mutation: You can spit poison. [potion of beneficial mutation]
  8840 | D        | Noticed a lich
  8840 | D        | Noticed a shadow dragon
  8840 | D        | Noticed an ettin
  8840 | D        | Noticed a shadow dragon
  8840 | D        | Noticed a deep troll
  8840 | D        | Noticed a shadow dragon
  8840 | D        | Noticed a vault sentinel
  8852 | D        | Killed a deep troll
  8853 | D        | Killed an ettin
  8853 | D        | Killed a vault sentinel
  8871 | D        | Killed a shadow dragon
  8993 | D        | Killed a shadow dragon
  8995 | D        | Killed a shadow dragon
  9136 | D        | Killed a lich
  9149 | D        | Noticed a shadow dragon
  9164 | D        | Killed a shadow dragon
  9313 | D        | Noticed a sphinx
  9333 | D        | Killed a sphinx
  9335 | D        | Got a silver rune of Zot
  9340 | D        | Got a crude iron ring
  9351 | D        | Got a pitted tin ring
  9358 | D        | Identified the ring of Pajilep {+Fly rPois+ Stlth-} (You found it in the Dungeon)
  9360 | D        | Identified the ring of the Villain {rF+ rC+ MR+++} (You found it in the Dungeon)
  9373 | D        | Got a dazzling halberd
  9389 | D        | Learned a level 3 spell: Inner Flame
  9469 | D        | Got the ring "Rapparad" {rF+ rN++ MR-}
  9471 | D        | Got the ring of the Messenger {rPois+ rF- rC+ MR+ Int+4}
  9473 | D        | Got the ring of the Fifty Hells {-Tele rC+ MP+9 Str+3 Dex+4 SInv}
  9475 | D        | Got the amulet "Memesez" {rCorr rElec MR+ MP+9}
  9478 | D        | Got the amulet "Opusuvei" {rN+ Regen+}
  9582 | D        | Got the +5 executioner's axe of Quick Death {pain, rF+ Str+4}
  9586 | D        | Got the +5 triple crossbow of Corruption {freeze, SInv}
  9590 | D        | Got the +11 scythe of Zolir {speed, MP+9 Int+4}
  9875 | D        | Noticed Margery
  9875 | D        | Noticed a hell knight
  9875 | D        | Noticed a hell knight
  9875 | D        | Noticed a hell knight
  9875 | D        | Noticed a hell knight
  9877 | D        | Noticed a hell knight
  9880 | D        | Killed a hell knight
  9883 | D        | Killed a hell knight
  9884 | D        | Killed Margery
  9886 | D        | Killed a hell knight
  9888 | D        | Killed a hell knight
  9907 | D        | Killed a hell knight
  9933 | D        | Learned a level 9 spell: Fire Storm
  9979 | D        | Noticed Norris
  9979 | D        | Noticed Mennas
  9982 | D        | Noticed Jory
 10002 | D        | Killed Norris
 10002 | D        | Reached skill level 15 in Conjurations
 10067 | D        | HP: 2/102 [Mennas/eudemon blade of holy wrath (28)]
 10067 | D        | Slain by Mennas

Action                   |  1- 3 |  4- 6 |  7- 9 | 10-12 | 13-15 | 16-18 || total
-------------------------+-------+-------+-------+-------+-------+-------++-------
Melee: Dagger            |    39 |     2 |       |       |       |       ||    41
       Rapier            |       |     1 |    61 |   133 |    38 |       ||   233
       Staff             |       |       |       |       |    46 |       ||    46
       Quick blade       |       |       |       |       |    63 |    39 ||   102
Throw: Throwing net      |       |       |       |       |     1 |     2 ||     3
       Tomahawk          |       |       |       |       |     1 |       ||     1
 Cast: Corona            |     6 |       |       |       |       |       ||     6
       Confuse           |       |       |    26 |    60 |    61 |    18 ||   165
       Sure Blade        |       |       |     5 |     1 |       |       ||     6
       Ensorcelled Hiber |       |       |    14 |     3 |     2 |     1 ||    20
       Dazzling Spray    |       |       |     5 |    52 |    36 |     8 ||   101
       Mephitic Cloud    |       |       |       |    13 |    14 |       ||    27
       Conjure Flame     |       |       |       |     1 |       |     1 ||     2
       Bolt of Fire      |       |       |       |     3 |    47 |    29 ||    79
       Freezing Cloud    |       |       |       |       |    10 |     7 ||    17
       Iron Shot         |       |       |       |       |    16 |    13 ||    29
Evoke: Wand              |       |       |       |     7 |     1 |       ||     8
       Staff of energy   |       |       |       |       |     8 |       ||     8
  Use: Potion            |     2 |       |       |       |       |     5 ||     7
       Scroll            |       |       |       |     6 |     4 |     4 ||    14
 Stab: Sleeping          |     3 |     1 |     8 |     7 |     6 |       ||    25
       Confused          |       |       |    14 |    37 |    37 |     8 ||    96
       Invisible         |       |       |       |     2 |     3 |       ||     5
       Held in net/web   |       |       |       |       |     1 |       ||     1
  Eat: Fruit             |       |       |       |     9 |     8 |       ||    17
